 Dungeon Crawl Stone Soup version 0.24-a0-271-ga0fc33f (webtiles) character file.

Game seed: 2433259114649837325

2809 MatthieuS the Skirmisher (level 9, 0/94 HPs)
             Began as an Ogre Skald on Apr 23, 2019.
             Was an Initiate of Makhleb.
             Killed from afar by a gargoyle (16 damage)
             ... with a stone arrow
             ... on level 7 of the Dungeon.
             The game lasted 00:16:38 (8468 turns).

MatthieuS the Skirmisher (Ogre Skald)               Turns: 8468, Time: 00:16:38

Health: 0/94       AC:  3    Str: 17    XL:     9   Next: 72%
Magic:  5/18       EV: 10    Int: 17    God:    Makhleb [......]
Gold:   322        SH:  0    Dex:  8    Spells: 5/20 levels left

rFire    . . .     SeeInvis .   w - +0 trident (freeze)
rCold    . . .     Gourm    .   (no shield)
rNeg     . . .     Faith    .   b - +0 robe
rPois    +         Spirit   .   (helmet restricted)
rElec    .         Reflect  .   (no cloak)
rCorr    .         Harm     .   (gloves unavailable)
MR       .....                  (boots unavailable)
Stlth    +.........             (no amulet)
HPRegen  1.25/turn              m - ring of poison resistance
MPRegen  0.16/turn              (no ring)

@: shrouded, regenerating (expiring)
A: large, unfitting armour, tough skin 1
a: Renounce Religion


You were on level 7 of the Dungeon.
You worshipped Makhleb.
Makhleb was noncommittal.
You were not hungry.

You visited 2 branches of the dungeon, and saw 8 of its levels.

You collected 350 gold pieces.
You spent 28 gold pieces at shops.

Inventory:

Hand Weapons
 o - a +0 scythe
   (You took it off Sigmund on level 2 of the Dungeon)
 w - a +0 trident of freezing (weapon)
   (You found it on level 4 of the Dungeon)
Armour
 a - a +0 large shield
   (You found it on level 1 of the Dungeon)
 b - a +0 robe (worn)
Jewellery
 m - a ring of poison resistance (left hand)
   (You found it on level 2 of the Dungeon)
Wands
 d - a wand of iceblast (6)
   (You found it on level 5 of the Dungeon)
Scrolls
 f - 2 scrolls of enchant armour
 g - a scroll of teleportation {@r4}
 k - a scroll of silence {unknown}
 n - 4 scrolls of remove curse {@r2}
 q - a scroll of amnesia
 v - a scroll of immolation {!r}
 y - a scroll of fear
 A - a scroll of fog
Potions
 i - 2 potions of magic {unknown}
 j - 2 potions of mutation {unknown}
 l - a potion of degeneration {unknown}
 p - a potion of agility {unknown}
 r - a potion of haste {unknown}
 s - a potion of brilliance {unknown}
 z - a potion of cancellation {unknown}
 C - a potion of might {unknown}
 D - a potion of curing {unknown}
Comestibles
 c - 3 chunks of flesh
 e - 6 rations


   Skills:
 + Level 7.7 Fighting
 + Level 5.9 Polearms
 - Level 2.1 Dodging
 + Level 3.6 Shields
 + Level 6.4 Spellcasting
 + Level 4.5 Hexes
 + Level 5.7 Charms
 + Level 1.5 Invocations


You had 5 spell levels left.
You knew the following spells:

 Your Spells              Type           Power        Failure   Level  Hunger
a - Infusion              Chrm           ###.         1%          1    None
b - Spectral Weapon       Hex/Chrm       ###.....     4%          3    ##.....
c - Corona                Hex            ###....      1%          1    None
e - Regeneration          Chrm/Necr      ###.......   12%         3    ##.....
q - Song of Slaying       Chrm           ###.....     1%          2    None
x - Confuse               Hex            ###.....     6%          3    ##.....
A - Shroud of Golubria    Chrm/Tloc      ###.......   6%          2    None

Your spell library contained the following spells:

 Spells                   Type           Power        Failure   Level  Hunger
 Tukima's Dance           Hex            ###.....     6%          3    ##.....
 Ensorcelled Hibernation  Hex/Ice        ##....       8%          2    None
 Magic Dart               Conj           #...         12%         1    None
 Dazzling Spray           Conj/Hex       ##....       14%         3    ##.....
 Searing Ray              Conj           #.....       19%         2    None
 Ignite Poison            Fire/Tmut/Pois #.......     36%         3    ##.....
 Fulminant Prism          Conj/Hex       ##........   43%         4    ####...
 Force Lance              Conj/Tloc      #.......     77%         4    ####...
 Iskenderun's Mystic Bla  Conj           #.......     77%         4    ####...
 Fireball                 Conj/Fire      #.........   98%         5    #####..
 Bolt of Fire             Conj/Fire      #.........   100%        6    #######
 Ring of Flames           Chrm/Fire      ###.......   100%        7    #######
 Ignition                 Fire           #.........   100%        8    #######


Dungeon Overview and Level Annotations

Branches:
Dungeon (7/15)             Temple (1/1) D:7

Altars:
Ashenzari
Cheibriados
Dithmenos
Elyvilon
Fedhas
Gozag
Hepliaklqana
Kikubaaqudgha
Makhleb
Nemelex Xobeh
Okawaru
Qazlal
Ru
Sif Muna
Trog
Uskayaw
Vehumet
Wu Jian
Xom
Yredelemnul
Zin
The Shining One

Shops:
D:6 *

Annotations:
D:5 2 transporters, Wombat's ghost, novice HOFi
D:7 Harold


Innate Abilities, Weirdness & Mutations

You are too large for most types of armour.
You have tough skin. (AC +1)


Message History

Your spectral weapon hits the wyvern zombie from afar!
The wyvern zombie bites you but does no damage.
Your shroud bends the wyvern zombie's attack away!
You feel much better.
The wyvern zombie completely misses you.
You puncture the wyvern zombie!
Your spectral weapon hits the wyvern zombie but does no damage.
The wyvern zombie bites you.
You completely miss the wyvern zombie.
Your spectral weapon hits the wyvern zombie but does no damage.
The wyvern zombie bites you!
* * * LOW HITPOINT WARNING * * *
Your shroud falls apart!
The wyvern zombie bites you.
* * * LOW HITPOINT WARNING * * *
You hit the wyvern zombie.
You destroy the wyvern zombie!
Makhleb accepts your kill.
The gargoyle hurls a stone arrow at you.
The stone arrow hits you!
* * * LOW HITPOINT WARNING * * *
Space distorts slightly along a thin shroud covering your body.
The orc wizard hits you with a +0 dagger.
* * * LOW HITPOINT WARNING * * *
Your shroud falls apart!
Space distorts slightly along a thin shroud covering your body.
Your skin is crawling a little less now.
The orc wizard gestures at you while chanting.
The puff of flame hits you!
* * * LOW HITPOINT WARNING * * *
You puncture the orc wizard! You freeze the orc wizard.
You kill the orc wizard!
Makhleb accepts your kill.
The gargoyle hurls a stone arrow at you.
The stone arrow misses you.
The stone arrow hits your spectral weapon!
Your spectral weapon shares its damage with you!
* * * LOW HITPOINT WARNING * * *
The gargoyle hurls a stone arrow at you.
The stone arrow misses you.
The stone arrow hits your spectral weapon!
Your spectral weapon shares its damage with you!
Your spectral weapon fades away.
* * * LOW HITPOINT WARNING * * *
Things that are here:
a +0 dagger; a cursed +0 robe; an orc corpse You draw out your weapon's spirit!
The gargoyle hurls a stone arrow at you.
The stone arrow hits you!
You die... ...P###P...P# #.# #.# PPP#

##PPP## #.# #.# ###
######## #.# ##.##
#..# #.# ####...#
#..# #.# #......#
#..# #.# #.##...#
#..########.#
#.######
#####...........###)#
......(........9@(..#
#####################


You could see a gargoyle and a friendly spectral +0 trident of freezing.

Vanquished Creatures
  A hippogriff (D:7)
  Sigmund (D:2)
  2 ice beasts
  2 black bears (D:6)
  2 sky beasts (D:6)
  6 ogres
  A centaur (D:5)
  2 bullfrogs
  2 wyvern zombies
  2 crimson imps (D:5)
  A howler monkey (D:6)
  A quasit (D:7)
  3 orc priests
  2 hounds
  8 orc wizards
  Ijyb (D:5)
  Terence (D:3)
  2 iguanas (D:5)
  7 worker ants
  Natasha (thrice) (D:3)
  A howler monkey zombie (D:7)
  A worker ant zombie (D:5)
  7 adders
  A shadow imp (D:3)
  An ooze (D:1)
  3 worms
  2 dart slugs
  3 leopard geckos
  18 orcs
  5 giant cockroaches
  5 goblins
  7 hobgoblins
  15 jackals
  A quokka (D:4)
  4 bats (D:1)
  5 frilled lizards
  7 kobolds
  A quokka skeleton (D:4)
  5 rats
142 creatures vanquished.

Vanquished Creatures (others)
  5 spectral weapons
5 creatures vanquished.

Grand Total: 147 creatures vanquished

Notes
Turn   | Place    | Note
-------+----------+-------------------------------------------
     0 | D:1      | MatthieuS the Ogre Skald began the quest for the Orb.
     0 | D:1      | Reached XP level 1. HP: 22/22 MP: 3/3
   132 | D:1      | Reached XP level 2. HP: 29/29 MP: 5/5
   142 | D:1      | Reached skill level 3 in Fighting
   512 | D:1      | Reached XP level 3. HP: 37/37 MP: 7/7
   882 | D:2      | Learned a level 3 spell: Spectral Weapon
  1132 | D:2      | Learned a level 2 spell: Song of Slaying
  1522 | D:2      | Noticed Sigmund
  1536 | D:2      | Killed Sigmund
  1536 | D:2      | Reached skill level 4 in Fighting
  1536 | D:2      | Reached skill level 1 in Hexes
  1536 | D:2      | Reached XP level 4. HP: 28/49 MP: 5/9
  1536 | D:2      | Reached XP level 5. HP: 32/55 MP: 5/10
  1818 | D:2      | Reached XP level 6. HP: 57/63 MP: 7/11
  1982 | D:3      | Noticed Natasha
  1985 | D:3      | Killed Natasha
  1992 | D:3      | Noticed Natasha
  1997 | D:3      | Killed Natasha
  2395 | D:3      | Found a hazy altar of Hepliaklqana.
  2481 | D:3      | Learned a level 2 spell: Shroud of Golubria
  2485 | D:3      | Learned a level 3 spell: Regeneration
  2609 | D:3      | Noticed Natasha
  2615 | D:3      | Killed Natasha
  2637 | D:3      | Noticed Terence
  2642 | D:3      | Killed Terence
  3352 | D:4      | Reached XP level 7. HP: 42/71 MP: 10/13
  3375 | D:4      | Reached skill level 5 in Fighting
  4624 | D:5      | Entered Level 5 of the Dungeon
  4635 | D:5      | Reached skill level 1 in Shields
  4654 | D:5      | Found a transporter.
  4670 | D:5      | Found a transporter.
  4674 | D:5      | Noticed Wombat's ghost (novice HOFi)
  4677 | D:5      | Learned a level 1 spell: Corona
  4681 | D:5      | Learned a level 3 spell: Confuse
  4887 | D:5      | Reached XP level 8. HP: 56/83 MP: 11/15
  5294 | D:5      | Noticed Ijyb
  5298 | D:5      | Killed Ijyb
  5305 | D:5      | Reached skill level 5 in Spellcasting
  5315 | D:5      | Reached skill level 6 in Fighting
  6222 | D:6      | Reached skill level 5 in Polearms
  6457 | D:6      | Reached skill level 5 in Charms
  6466 | D:6      | Reached XP level 9. HP: 63/92 MP: 2/17
  7089 | D:6      | Reached skill level 7 in Fighting
  7115 | D:6      | Found Emeufoupp's General Store.
  7122 | D:6      | Bought a scroll of identify for 28 gold pieces
  7785 | D:7      | Found a faded altar of an unknown god.
  7787 | D:7      | Found a staircase to the Ecumenical Temple.
  7797 | Temple   | Entered the Ecumenical Temple
  7904 | Temple   | Became a worshipper of Makhleb the Destroyer
  8277 | D:7      | Reached skill level 1 in Invocations
  8386 | D:7      | Noticed Harold
  8392 | D:7      | Noticed a gargoyle
  8468 | D:7      | Killed from afar by a gargoyle

Levels and vault maps discovered:
D:1:      tarquinn_simple_flora_water_b, layout_loops_ring, hex_tiny
D:2:      layout_loops_corners, uniq_sigmund
D:3:      layout_basic, marbit_many_paths, first_ration, uniq_terence,
          uniq_natasha
D:4:      layout_rooms
D:5:      layout_loops_corners, gammafunk_ghost_stat_death, uniq_ijyb
D:6:      layout_basic, serial_shops, nicolae_shop_crystal, st_stairs_3
D:7:      cheibrodos_fzero, layout_loops_ring, nicolae_temple_entry_ecumenical,
          glass_columns_b, uniq_harold
Temple:   kilobyte_greek_temple

Skill      XL: |  1  2  3  4  5  6  7  8  9 |
---------------+----------------------------+-----
Fighting       | 3 4 5 6 7 |  7.7
Charms         | 3 4 5 |  5.7
Spellcasting   | 3 4 5 6 |  6.4
Polearms       | 3 4 5 |  5.9
Hexes          | 1 2 3 4 |  4.5
Shields        | 1 2 3 |  3.6
Invocations    | 1 |  1.5
Dodging        | |  2.1

Action                   |  1- 3 |  4- 6 |  7- 9 || total
-------------------------+-------+-------+-------++-------
Melee: Spear             |   106 |       |       ||   106
       Scythe            |       |    87 |    38 ||   125
       Trident           |       |       |   210 ||   210
 Cast: Spectral Weapon   |     4 |    10 |    42 ||    56
       Infusion          |     1 |       |       ||     1
       Shroud of Golubri |       |       |     9 ||     9
       Regeneration      |       |       |     4 ||     4
  Use: Scroll            |       |       |    12 ||    12
       Potion            |       |       |     2 ||     2
 Stab: Distracted        |       |       |     1 ||     1
  Eat: Chunk             |     2 |     4 |     9 ||    15
       Ration            |       |     1 |     3 ||     4
Armor: Robe              |    13 |    36 |    47 ||    96
Dodge: Dodged            |    34 |   110 |    98 ||   242

Table legend:
 A = Non-vault XP
 B = Vault XP
 C = Vault XP percentage of total XP
 D = Non-vault monster count
 E = Vault monster count
 F = Vault count percentage of total count
                 A         B        C        D         E       F
            +---------+---------+-------+---------+---------+-------
      Total |    3249 |     764 |  19.0 |     132 |      10 |   7.0
            +---------+---------+-------+---------+---------+-------
        D:1 |      38 |       0 |   0.0 |      20 |       0 |   0.0
        D:2 |      53 |     238 |  81.8 |      14 |       1 |   6.7
        D:3 |     182 |      73 |  28.6 |      22 |       3 |  12.0
        D:4 |     434 |       0 |   0.0 |      14 |       0 |   0.0
        D:5 |     573 |      36 |   5.9 |      20 |       1 |   4.8
        D:6 |    1351 |     116 |   7.9 |      27 |       1 |   3.6
        D:7 |     618 |     301 |  32.8 |      15 |       4 |  21.1
            +---------+---------+-------+---------+---------+-------
